AoeStats
← dice

Arena

509039828Analyzed
3v3 RM · 6d ago on Sep 25, 2026· 69m 50s· 6 players
Game mode
Random Map
Map size
Normal (6 player)
Population
200
Speed
Normal
Resources
Standard
Victory
Conquest
Starting age
Dark Age
Ending age
Imperial Age
RankedLock teamsTeams togetherTeam positionsShared explorationLock speedFull tech treeHidden civsTurbo modeCheats
Victory
Defeat
🇺🇸 Khmer · United States
1135
+15
🇨🇳 Franks · China
1133
+15
🇨🇳 Spanish · China
1108
+16
🇹🇼 Italians · Taiwan
1131
-16
🇹🇼 Goths · Taiwan
1100
-15
🇹🇼 Portuguese · Taiwan
1093
-15
rambo
10:08 Feudal Age
14:29 Castle Age
12:32 Double-Bit Axe
18:08 Bow Saw
18:04 Loom
23:03 Gold Mining
27:33 Horse Collar
29:53 Gold Shaft Mining
32:59 Imperial Age
31:23 Fletching
31:33 Padded Archer Armor
32:01 Crossbowman
33:24 Bodkin Arrow
33:44 Leather Archer Armor
36:38 Conscription
36:37 Arbalester
39:53 Chemistry
42:05 Bloodlines
41:17 Elite Battle Elephant
43:27 Husbandry
42:48 Light Cavalry
44:50 Heavy Plow
44:48 Hussar
46:41 Bracer
48:17 Scale Barding Armor
48:24 Forging
48:20 Double Crossbow
53:05 Crop Rotation
54:56 Elite Skirmisher
55:47 Stone Mining
56:26 Heavy Scorpion
60:10 Caravan
61:17 Chain Barding Armor
61:33 Iron Casting
61:29 Ring Archer Armor
63:11 Wheelbarrow
62:09 Elite Ballista Elephant
63:50 Plate Barding Armor
64:16 Blast Furnace
63:56 Siege Engineers
64:12 Ballistics
64:01 Siege Engineers
65:33 Stone Shaft Mining
64:47 Capped Ram
67:12 Hand Cart
旺财
11:59 Feudal Age
13:08 Double-Bit Axe
14:27 Horse Collar
14:54 Loom
17:47 Castle Age
16:12 Stone Mining
16:17 Gold Mining
18:03 Fletching
19:45 Forging
23:54 Wheelbarrow
25:26 Sanctity
25:26 Bow Saw
27:57 Bloodlines
28:22 Heavy Plow
28:27 Husbandry
34:36 Imperial Age
31:46 Light Cavalry
32:45 Fervor
32:55 Hand Cart
32:49 Town Watch
33:19 Caravan
33:10 Elite Skirmisher
34:24 Scale Barding Armor
34:15 Bodkin Arrow
35:12 Atonement
35:22 Inquisition
34:45 Cavalier
36:08 Iron Casting
35:54 Chain Barding Armor
35:34 Padded Archer Armor
35:35 Scale Mail Armor
35:41 Town Patrol
36:08 Ballistics
36:45 Conscription
35:52 Hussar
37:43 Chemistry
38:24 Man-at-Arms
39:15 Long Swordsman
40:13 Squires
40:51 Plate Barding Armor
40:08 Two-Handed Swordsman
41:52 Blast Furnace
40:44 Elite Conquistador
42:17 Bracer
43:00 Chain Mail Armor
44:40 Leather Archer Armor
45:35 Champion
48:42 Plate Mail Armor
50:04 Hoardings
55:59 Ring Archer Armor
60:53 Two-Man Saw
66:23 Block Printing
1627714649
11:07 Feudal Age
11:51 Double-Bit Axe
14:59 Castle Age
15:40 Wheelbarrow
16:13 Bow Saw
23:57 Hand Cart
24:00 Stone Mining
24:01 Gold Mining
24:45 Gold Mining
25:01 Loom
27:00 Gold Shaft Mining
26:45 Scale Barding Armor
26:50 Forging
30:37 Imperial Age
28:36 Chain Barding Armor
28:53 Iron Casting
29:35 Husbandry
31:14 Treadmill Crane
31:29 Murder Holes
31:08 Cavalier
31:50 Chivalry
32:10 Conscription
32:42 Plate Barding Armor
33:08 Blast Furnace
32:51 Ballistics
32:23 Paladin
33:45 Scale Mail Armor
33:35 Fletching
35:10 Pikeman
35:50 Squires
35:35 Arson
36:05 Caravan
37:17 Light Cavalry
38:11 Halberdier
41:02 Chain Mail Armor
40:43 Bodkin Arrow
52:51 Plate Mail Armor
53:15 Hoardings
59:54 Padded Archer Armor
60:09 Fortified Wall
61:00 Chemistry
bm489
11:07 Feudal Age
15:11 Castle Age
13:22 Double-Bit Axe
13:21 Horse Collar
16:49 Bow Saw
22:21 Heavy Plow
28:12 Imperial Age
26:00 Gold Mining
27:46 Wheelbarrow
27:33 Scale Mail Armor
27:29 Pikeman
28:26 Chain Mail Armor
28:34 Halberdier
31:34 Chemistry
31:21 Hand Cart
33:21 Two-Man Saw
32:53 Crop Rotation
34:19 Plate Mail Armor
34:00 Forging
36:24 Iron Casting
38:35 Blast Furnace
41:20 Bombard Tower
42:03 Siege Engineers
42:28 Conscription
45:59 Coinage
45:29 Caravan
50:26 Fortified Wall
52:54 Padded Archer Armor
52:44 Fletching
53:16 Ballistics
53:09 Treadmill Crane
52:55 Elite Skirmisher
53:47 Crossbowman
54:10 Arbalester
54:48 Bodkin Arrow
55:08 Leather Archer Armor
56:07 Bracer
56:50 Thumb Ring
57:55 Ring Archer Armor
dice
11:12 Feudal Age
13:15 Horse Collar
15:48 Castle Age
15:09 Double-Bit Axe
18:35 Forging
18:15 Pikeman
19:03 Scale Mail Armor
26:24 Wheelbarrow
26:45 Bow Saw
27:39 Heavy Plow
27:48 Squires
28:00 Loom
28:45 Anarchy
33:28 Imperial Age
31:40 Hand Cart
32:25 Iron Casting
32:25 Chain Mail Armor
32:13 Gold Mining
32:23 Town Watch
34:41 Conscription
34:16 Halberdier
34:58 Stone Mining
36:24 Two-Man Saw
35:56 Crop Rotation
37:03 Blast Furnace
37:13 Chemistry
35:57 Treadmill Crane
37:13 Elite Huskarl
39:17 Perfusion
43:00 Town Patrol
42:59 Fletching
43:39 Man-at-Arms
44:08 Long Swordsman
44:52 Two-Handed Swordsman
45:16 Champion
49:24 Bodkin Arrow
49:30 Padded Archer Armor
55:02 Murder Holes
sakuranekohon
10:56 Feudal Age
14:53 Castle Age
14:21 Double-Bit Axe
18:15 Loom
21:46 Fletching
25:34 Bodkin Arrow
27:56 Wheelbarrow
27:52 Horse Collar
30:13 Thumb Ring
31:50 Redemption
35:01 Imperial Age
33:33 Ballistics
33:37 Hand Cart
35:57 Bracer
35:57 Padded Archer Armor
36:27 Conscription
37:20 Chemistry
36:12 Town Watch
36:41 Bow Saw
36:33 Heavy Plow
38:29 Fortified Wall
38:40 Leather Archer Armor
40:04 Two-Man Saw
39:26 Elite Skirmisher
42:16 Gold Mining
42:19 Stone Mining
43:01 Crop Rotation
44:38 Elite Genoese Crossbowman
52:02 Caravan
54:08 Pikeman
54:49 Squires
59:31 Forging
59:21 Scale Mail Armor
59:53 Ring Archer Armor
Connection lost

Rejoining the realm…

Still unreachable

The connection could not be restored.

Session expired

The server has moved on; the page needs a fresh start.